 Dungeon Crawl Stone Soup version 0.19-a0 (webtiles) character file.

120 Zhenya25pyc the Skirmisher (level 5, -2/33 HPs)
             Began as a Gargoyle Fighter on Apr 27, 2016.
             Slain by Sigmund
             ... wielding a +0 scythe
              (4 damage)
             ... on level 3 of the Dungeon.
             The game lasted 00:03:12 (2313 turns).

Zhenya25pyc the Skirmisher (Gargoyle Fighter)       Turns: 2313, Time: 00:03:12

Health: -2/33      AC: 14    Str: 21    XL:     5   Next: 4%
Magic:  5/5        EV:  5    Int:  8    God:
Gold:   155        SH:  9    Dex:  9    Spells: 0 memorised, 4 levels left

rFire  x . .     SeeInvis .     a - +0 flail
rCold  + . .     Gourm    .     k - +0 chain mail
rNeg   + . .     Faith    .     c - +0 shield
rPois  ∞         Spirit   .     (no helmet)
rElec  +         Dismiss  .     t - +0 cloak
rCorr  .         Reflect  .     (no gloves)
SustAt .         Harm     .     (no boots)
MR     .....                    (no amulet)
Stlth  ..........               (no ring)
                                r - ring of ice

@: not resistant to hostile enchantments, extremely unstealthy
A: negative energy resistance 1, electricity resistance, unbreathing,
petrification resistance, rot immunity, AC +4
a: no special abilities


You were on level 3 of the Dungeon.
You were hungry.

You visited 1 branch of the dungeon, and saw 3 of its levels.

You collected 155 gold pieces.

Inventory:

Hand Weapons
 a - a +0 flail (weapon)
Armour
 c - a +0 shield (worn)
 k - a +0 chain mail (worn)
 t - a +0 cloak (worn)
Jewellery
 r - a ring of ice (left hand)
Scrolls
 g - 2 scrolls of teleportation {unknown}
 i - a scroll of remove curse {unknown}
 m - a scroll of amnesia {unknown}
 n - 2 scrolls of identify {unknown}
 u - a scroll of blinking {unknown}
Potions
 d - a potion of might
 e - a potion of curing {unknown}
 h - 3 potions of invisibility {unknown}
 j - a potion of ambrosia {unknown}
 o - a potion of heal wounds {unknown}
 p - 2 potions of mutation {unknown}
 q - a potion of cure mutation {unknown}
 s - 2 potions of flight {unknown}
Comestibles
 b - 2 beef jerkies
 f - 3 bread rations
 l - 2 meat rations


   Skills:
 + Level 4.2 Fighting
 + Level 2.6 Maces & Flails
 + Level 4.1 Armour
 + Level 0.8 Dodging
 + Level 4.1 Shields


You had 4 spell levels left.
You didn't know any spells.

Dungeon Overview and Level Annotations

Branches:
Dungeon (3/15)

Altars:
Ashenzari
Xom
The Shining One

Annotations:
D:3 Sigmund


Innate Abilities, Weirdness & Mutations

You are resistant to torment.
Your stone body is resilient (AC +4).
You are immune to poison.
You resist negative energy.
You are resistant to electric shocks.
You can survive without breathing.
You are immune to petrification.
You are immune to rotting.


Message History

You're too confused to attack without stumbling around!
You feel less confused. Something hits you but does no damage.
The bat hits you but does no damage. Something hits you but does no damage.
You thump something! The bat barely misses you. The goblin barely misses you.
The bat barely misses you. Something hits you.
* * * LOW HITPOINT WARNING * * *
The goblin hits you but does no damage.
You miss something. You block the bat's attack.
The shadow imp hits you but does no damage.
The goblin barely misses you. Something hits you!
* * * LOW HITPOINT WARNING * * *
You closely miss something. The bat hits you but does no damage.
You block the bat's attack.
The shadow imp hits you but does no damage.
You block the goblin's attack.
The shadow imp hits you but does no damage.
Your shield and chain mail prevent you from hitting something.
The bat hits you but does no damage. Something hits you.
You die...

#.#..#$...#
##..##.#
###.#.....#.#
#..###.
#.....##..#.# #..#
# #........###..#
..#####..##..##...#
.........###.##.#.#
%##?.....###....#.#
........{5##...##.#
##...#.g@.##...##.#
##.###.b....... ..
... ..............
.# ###...........
.............
...............
..#....$...
####........


You could see a shadow imp, a goblin and a bat.

Vanquished Creatures
  4 gnolls
  2 adders (D:2)
  A worm (D:2)
  3 dart slugs (D:1)
  2 giant geckos (D:1)
  A ball python (D:2)
  3 bats
  2 giant cockroaches
  4 goblins
  4 hobgoblins
  4 jackals (D:1)
  2 giant newts (D:1)
  5 kobolds
  23 rats
60 creatures vanquished.

Notes
Turn   | Place    | Note
--------------------------------------------------------------
     0 | D:1      | Zhenya25pyc the Gargoyle Fighter began the quest for the Orb.
     0 | D:1      | Reached XP level 1. HP: 14/14 MP: 1/1
    30 | D:1      | Reached XP level 2. HP: 18/19 MP: 2/2
   454 | D:1      | Reached XP level 3. HP: 15/24 MP: 3/3
  1169 | D:1      | Reached XP level 4. HP: 4/29 MP: 4/4
  1832 | D:2      | Reached XP level 5. HP: 33/33 MP: 5/5
  1879 | D:2      | Found a shattered altar of Ashenzari.
  1880 | D:2      | Found a shimmering altar of Xom.
  1880 | D:2      | Found a glowing golden altar of the Shining One.
  2292 | D:3      | Noticed Sigmund
  2311 | D:3      | HP: 1/33 [something (7)]
  2313 | D:3      | Slain by Sigmund

Vault maps used:
D:1:      erik_arrival_orb_chamber, serial_forest, infiniplex_forest_zigzag_1,
          infiniplex_forest_clump_long, infiniplex_forest_end_1,
          infiniplex_forest_zigzag_1, minmay_vboxes
D:2:      gammafunk_temple_overflow_claw
D:3:      uniq_grinder, uniq_sigmund, uniq_iyjb

Skill      XL: |  1  2  3  4 |
---------------+-------------+-----
Fighting       | 4 |  4.2
Shields        | 4 |  4.1
Armour         | 4 |  4.1
Maces & Flails | |  2.6
Dodging        | |  0.8

Action                   |  1- 3 |  4- 6 || total
-------------------------+-------+-------++-------
Melee: Flail             |   166 |    68 ||   234
  Eat: Chunk             |       |     4 ||     4
Armor: Scale mail        |    46 |       ||    46
       Chain mail        |    66 |    73 ||   139
Dodge: Dodged            |    60 |    23 ||    83
Block: Shield            |   107 |    35 ||   142
